 Dungeon Crawl Stone Soup version 0.30-a0-591-g3c58d2bc28 (webtiles) character file.

Game seed: 16603386537327558949

1005 wormed the Changer (level 8, 0/62 HPs)
             Began as an Octopode Transmuter on Jan 6, 2023.
             Killed from afar by a gargoyle (20 damage)
             ... with a stone arrow
             ... on level 5 of the Dungeon.
             The game lasted 00:08:06 (5089 turns).

wormed the Changer (Octopode Transmuter)            Turns: 5089, Time: 00:08:07

Health: 0/62       AC:  8    Str:  9    XL:     8   Next: 20%
Magic:  8/13       EV: 11    Int: 17    God:
Gold:   175        SH:  0    Dex: 13    Spells: 7/14 levels left

rFire   x . .      SeeInvis .      - Unarmed
rCold   + + +      Faith    .    (shield currently unavailable)
rNeg    . . .      Spirit   .    (helmet currently unavailable)
rPois   +          Reflect  .    (no amulet)
rElec   .          Harm     .    (no ring)
rCorr   .          Rampage  .    (no ring)
Will    .....                    (no ring)
Stlth   +                        (no ring)
HPRegen 0.30/turn                (no ring)
MPRegen 0.13/turn                (no ring)
                                 (no ring)
                                 (no ring)

@: ice-form
A: freezing attack, boosted hp, almost no armour, amphibious, 8 rings, large,
(camouflage 1), (gelatinous body 1), (nimble swimmer 1), (tentacles)
a: End Transformation


You were on level 5 of the Dungeon.
You were a creature of crystalline ice.
You visited 1 branch of the dungeon, and saw 5 of its levels.

You collected 175 gold pieces.

Inventory:

Missiles
 d - 8 poisoned darts
Magical Staves
 l - a staff of cold (melded)
Wands
 k - a wand of charming (10) (quivered)
Scrolls
 g - 2 scrolls of teleportation
 q - 2 scrolls of magic mapping
Potions
 a - 4 potions of lignification
 b - a potion of resistance
 c - a potion of mutation
 e - a potion of brilliance
 f - a potion of attraction
 h - a potion of heal wounds {unknown}
 m - a potion of ambrosia
 n - a potion of cancellation {unknown}
 p - 2 potions of curing {unknown}


   Skills:
 + Level 3.5 Fighting
 + Level 3.8 Dodging
 + Level 4.5 Unarmed Combat
 + Level 3.6 Spellcasting
 * Level 5.3 Transmutations
 + Level 3.1 Ice Magic


You had 7 spell levels left.
You knew the following spells:

 Your Spells              Type           Power      Damage    Failure   Level
a - Ice Form              Ice/Tmut       17%        N/A       28%         4
b - Wereblood             Tmut           21%        N/A       2%          2
z - Beastly Appendage     Tmut           42%        N/A       1%          1

Your spell library contained the following spells:

 Spells                   Type           Power      Damage    Failure   Level
 Apportation              Tloc           6%         N/A       17%         1
 Necrotise                Necr           12%        1d4       17%         1
 Summon Small Mammal      Summ           12%        N/A       17%         1
 Spider Form              Tmut/Pois      12%        N/A       17%         3
 Ignite Poison            Fire/Tmut/Pois 9%         N/A       24%         3
 Kindle Blastsparks       Fire/Tloc/Air  6%         2d10      45%         3
 Freezing Cloud           Conj/Ice/Air   3%         6-21      96%         5


Dungeon Overview and Level Annotations

Branches:
Dungeon (5/15)
 Temple: D:4-7

Altars:
Cheibriados
Ru
Sif Muna
The Shining One


Innate Abilities, Weirdness & Mutations

You are a creature of crystalline ice.
You have a powerful freezing melee attack.
Your maximum health is increased.
Your armour is entirely melded.
You are incapable of wielding weapons or throwing items.
You cannot wear most types of armour.
You are amphibious.
You can wear up to eight rings at the same time.
((Your skin changes colour to match your surroundings (Stealth+).))
((Your rubbery body absorbs attacks. (AC +1, EV +1)))
((You are camouflaged when in or above water. (Stealth+)))
((You have tentacles for arms and can constrict up to eight enemies at once.))


Message History

Found a shimmering blue altar of Sif Muna.
Found a sacrificial altar of Ru.
Your magical contamination has completely faded away.
A gargoyle is nearby!
A gargoyle is nearby!
A gargoyle is nearby!
Casting: Ice Form (quite dangerous; 28% risk of failure)
Confirm with . or Enter, or press ? or * to list all spells.
The spell is quite dangerous to miscast (28% risk of failure)!
Continue anyway? [Y]es or [N]o only, please.
The spell is quite dangerous to miscast (28% risk of failure)!
Continue anyway? [Y]es or [N]o only, please.
The spell is quite dangerous to miscast (28% risk of failure)!
Continue anyway? [Y]es or [N]o only, please.
The spell is quite dangerous to miscast (28% risk of failure)!
Continue anyway? [Y]es or [N]o only, please.
The spell is quite dangerous to miscast (28% risk of failure)!
Continue anyway?
You feel a surge of power!
You turn into a creature of crystalline ice.
Your staff of cold melds into your body.
The gargoyle hits you with a +2 flail of holy wrath.
You punch the gargoyle! You freeze the gargoyle.
The gargoyle is moderately damaged.
The gargoyle hits you with a +2 flail of holy wrath!!
You hit the gargoyle but do no damage.
The gargoyle is moderately damaged.
The gargoyle closely misses you.
You hit the gargoyle but do no damage.
The gargoyle is moderately damaged.
The gargoyle hits you with a +2 flail of holy wrath!!
You hit the gargoyle but do no damage.
The gargoyle is moderately damaged.
The gargoyle barely misses you.
Aiming: Charm
Press: ? - help, Q - select action, (/) - cycle Shift-Dir - straight line, f - gargoyle
Aim: a gargoyle, wielding a +2 flail of holy wrath (moderately damaged, chance to affect: 31%)
The gargoyle easily resists.
The gargoyle hurls a stone arrow at you.
The stone arrow hits you!!
You die...

####.###....## .... .
#............###.###.
##....#............#..
##.....#........##....
#.(...###.......#...#
#...............#.####
####....<#....#..#....#
####.....#9)#....$.......#
#........Y.)..[..........#
...#8..8#.............#<)
. #....##...)...######..
#......##...#..# ##.
##$$$$###...#### ## ######
#...# .... #...# ._.._
#..## .....


You could see a gargoyle.

Vanquished Creatures
  An ice beast (D:4)
  A centaur (D:5)
  2 ogres
  A gnoll sergeant (D:4)
  3 scorpions
  3 hounds
  An orc priest (D:4)
  2 orc wizards
  10 gnolls
  3 adders
  A shadow imp (D:5)
  An ufetubus (D:5)
  A worm (D:2)
  4 dart slugs
  5 orcs
  4 ball pythons
  3 bats
  4 endoplasms
  6 giant cockroaches
  7 goblins
  8 hobgoblins
  15 jackals
  11 kobolds
  4 quokkas
  4 frilled lizards
  13 rats
118 creatures vanquished.

Vanquished Creatures (collateral kills)
  2 jackals (D:4)
2 creatures vanquished.

Grand Total: 120 creatures vanquished

Notes
Turn   | Place    | Note
-------+----------+-------------------------------------------
     0 | D:1      | wormed the Octopode Transmuter began the quest for the Orb.
     0 | D:1      | Reached XP level 1. HP: 13/13 MP: 3/3
    77 | D:1      | Reached XP level 2. HP: 13/18 MP: 5/5
   219 | D:1      | Reached XP level 3. HP: 23/23 MP: 6/6
   380 | D:1      | Reached skill level 1 in Ice Magic
   617 | D:1      | Reached XP level 4. HP: 28/28 MP: 5/7
   745 | D:1      | Learned a level 2 spell: Wereblood
   750 | D:1      | Learned a level 4 spell: Ice Form
   779 | D:2      | Reached skill level 3 in Transmutations
  1598 | D:3      | Found a glowing golden altar of the Shining One.
  2414 | D:4      | Reached XP level 5. HP: 22/34 MP: 4/8
  2552 | D:4      | Noticed an ice beast
  2725 | D:4      | Killed an ice beast
  2726 | D:4      | Reached XP level 6. HP: 8/39 MP: 5/10
  3090 | D:4      | Reached skill level 4 in Transmutations
  3147 | D:4      | Found a snail-covered altar of Cheibriados.
  3368 | D:4      | HP: 2/49 [poisoned by a scorpion]
  3590 | D:4      | Reached XP level 7. HP: 43/45 MP: 6/11
  4300 | D:5      | Entered Level 5 of the Dungeon
  4365 | D:4      | HP: 2/55 [gnoll/+0 flail[a gnoll sergeant] (7)]
  4714 | D:5      | Reached skill level 5 in Transmutations
  4714 | D:5      | Reached XP level 8. HP: 12/52 MP: 5/13
  5006 | D:5      | Noticed a gargoyle
  5068 | D:5      | Found a shimmering blue altar of Sif Muna.
  5070 | D:5      | Found a sacrificial altar of Ru.
  5089 | D:5      | Killed from afar by a gargoyle

Illustrated notes

Levels and vault maps discovered:
D:1:      grunt_arrival_lava_bath, layout_rooms, minmay_heptomino_o4
D:2:      layout_rooms, minmay_box_of_dots
D:3:      layout_loops_ring, mainiacjoe_overflow_surrounded_room,
          minmay_misc_feat_iff
D:4:      layout_rooms, mainiacjoe_overflow_alcove_4
D:5:      cheibrodos_fzero, layout_cave_pools, jmf_multi_god_temple,
          grunt_dithmenos_shadows, gammafunk_ghost_mausoleum,
          kennysheep_cluttered_room

Skill      XL: |  1  2  3  4  5  6  7  8 |
---------------+-------------------------+-----
Ice Magic      | 1 2 3 |  3.1
Transmutations | 3 4 5 |  5.3
Fighting       | 2 3 |  3.5
Dodging        | 3 |  3.8
Spellcasting   | 3 |  3.6
Unarmed Combat | 4 |  4.5

Action                   |  1- 3 |  4- 6 |  7- 9 || total
-------------------------+-------+-------+-------++-------
Melee: Unarmed           |    90 |   102 |    74 ||   266
       Kick              |    24 |    23 |       ||    47
       Constrict         |    29 |    20 |       ||    49
       Tentacles         |    15 |     9 |       ||    24
       Punch             |     1 |       |       ||     1
       Staff             |       |     7 |       ||     7
 Cast: Beastly Appendage |    18 |    17 |       ||    35
       Wereblood         |       |    16 |       ||    16
       Ice Form          |       |     8 |    11 ||    19
Evoke: Wand              |       |     1 |     1 ||     2
  Use: Scroll            |       |     4 |     7 ||    11
       Potion            |       |       |     1 ||     1
 Stab: Sleeping          |     1 |     4 |       ||     5
Armor: Skin              |     7 |    11 |    28 ||    46
Dodge: Dodged            |    53 |    66 |    52 ||   171

Table legend: (Time is in decaauts)
 A = Elapsed time spent in this place.
 B = Non-inter-level travel time spent in this place.
 C = Inter-level travel time spent in this place.
 D = Time resting spent in this place.
 E = Time spent auto-exploring this place.
 F = Levels seen in this place.
 G = Mean time per level.
                   A        B        C        D        E       F      G
               +--------+--------+--------+--------+--------+-----+--------+
         Total |   5083 |   4864 |    219 |      0 |   3992 |   5 | 1016.6 |
       Dungeon |   5083 |   4864 |    219 |      0 |   3992 |   5 | 1016.6 |
               +--------+--------+--------+--------+--------+-----+--------+

Top non-repeatable levels by time:
     D:4: 1775 daAuts
     D:3: 1516 daAuts
     D:1: 821 daAuts
     D:2: 685 daAuts
     D:5: 285 daAuts
